| TOP OF THE 1ST |
|
San Antonio Missions batting - Pitching for Mobile BayBears : LHP Sean Zech
|
|
Pitching: LHP Sean Zech
|
|
|
Batting: RHB Dave McBain
|
0-0: Called Strike 0-1: Ground out 5-3 (Groundball, 5, EV 89.4 MPH)
|
|
Batting: RHB Freddie Brown
|
0-0: Called Strike 0-1: Called Strike 0-2: Ball 1-2: Ball 2-2: Strikes out swinging
|
|
Batting: LHB Matt Patnaude
|
0-0: Called Strike 0-1: Ball 1-1: Ground out 4-3 (Groundball, 34, EV 86.9 MPH)
|
| Top of the 1st over - 0 runs, 0 hits, 0 errors, 0 left on base; San Antonio 0 - Mobile 0 |
| BOTTOM OF THE 1ST |
|
Mobile BayBears batting - Pitching for San Antonio Missions : RHP Manny Bailon
|
|
Pitching: RHP Manny Bailon
|
|
|
Batting: RHB Carlos Ballesteros
|
0-0: Foul Ball, location: 2F 0-1: Foul Ball, location: 2F 0-2: Ball 1-2: Strikes out swinging
|
|
Batting: LHB Koson Hirai
|
0-0: Ball 1-0: Ball 2-0: Ground out 4-3 (Groundball, 34D, EV 102.5 MPH)
|
|
Batting: LHB Soo-yeon Kym
|
0-0: Called Strike 0-1: Foul Ball, location: 2F 0-2: Ball 1-2: Foul Ball, location: 2F 1-2: Strikes out swinging
|
| Bottom of the 1st over - 0 runs, 0 hits, 0 errors, 0 left on base; San Antonio 0 - Mobile 0 |
| TOP OF THE 2ND |
|
San Antonio Missions batting - Pitching for Mobile BayBears : LHP Sean Zech
|
|
Batting: RHB Jaden Scott
|
0-0: Ball 1-0: Swinging Strike 1-1: Foul Ball, location: 2F 1-2: Foul Ball, location: 2F 1-2: Ball 2-2: Foul Ball, location: 2F 2-2: Ground out U3 (Groundball, 23, EV 88.8 MPH)
|
|
Batting: RHB Joe Weissman
|
0-0: Called Strike 0-1: Ball 1-1: Called Strike 1-2: Strikes out swinging
|
|
Batting: RHB Adrian Martinelli
|
0-0: Ball 1-0: Swinging Strike 1-1: Ground out 5-3 (Groundball, 5L, EV 101.9 MPH)
|
| Top of the 2nd over - 0 runs, 0 hits, 0 errors, 0 left on base; San Antonio 0 - Mobile 0 |
| BOTTOM OF THE 2ND |
|
Mobile BayBears batting - Pitching for San Antonio Missions : RHP Manny Bailon
|
|
Batting: RHB Blake Beale
|
0-0: Ball 1-0: Ball 2-0: Ball 3-0: Called Strike 3-1: Fly out, F7 (Line Drive, 78M, EV 111.9 MPH)
|
|
Batting: RHB Chris Bittner
|
0-0: Ball 1-0: Foul Ball, location: 2F 1-1: Ground out 4-3 (Groundball, 4M, EV 106.2 MPH)
|
|
Batting: RHB Josh Burrows
|
0-0: Ball 1-0: Ball 2-0: SINGLE (Groundball, 4MD, EV 98.1 MPH)
|
|
Batting: RHB Jeremy Adams
|
0-0: Called Strike 0-1: Ball 1-1: Foul Ball, location: 2F 1-2: Ball 2-2: SINGLE (Groundball, 56D, EV 103.1 MPH) Josh Burrows to second
|
|
Batting: RHB Franklin Villanueva
|
0-0: Ball 1-0: SINGLE (Groundball, 4, EV 98.1 MPH) Josh Burrows to third Jeremy Adams to second Runner from 3rd tries for Home, SAFE, throw by CF to home
|
|
Batting: RHB Yasuo Nakata
|
0-0: Swinging Strike 0-1: Swinging Strike 0-2: Strikes out swinging
|
| Bottom of the 2nd over - 1 run, 3 hits, 0 errors, 2 left on base; San Antonio 0 - Mobile 1 |
| TOP OF THE 3RD |
|
San Antonio Missions batting - Pitching for Mobile BayBears : LHP Sean Zech
|
|
Batting: LHB Teko van de Sande
|
0-0: Foul Ball, location: 2F 0-1: Ball 1-1: Foul Ball, location: 2F 1-2: SINGLE (Groundball, 4D, EV 95.6 MPH)
|
|
Batting: RHB David Aguilar
|
0-0: SINGLE (Line Drive, 9S, EV 111.2 MPH) Teko van de Sande to second
|
|
Batting: LHB Josh Slusarczyk
|
0-0: Ball 1-0: Ball 2-0: Called Strike 2-1: Ball 3-1: Base on Balls Teko van de Sande to third David Aguilar to second
|
|
Batting: RHB Dave McBain
|
0-0: Ball 1-0: Ball 2-0: Grounds into double play, 5-4-3 (Groundball, 5S, EV 85.0 MPH) Teko van de Sande scores David Aguilar to third
|
|
Batting: RHB Freddie Brown
|
0-0: Swinging Strike 0-1: Ball 1-1: Ball 2-1: Foul Ball, location: 2F 2-2: Ball 3-2: Strikes out swinging
|
| Top of the 3rd over - 1 run, 2 hits, 0 errors, 1 left on base; San Antonio 1 - Mobile 1 |
| BOTTOM OF THE 3RD |
|
Mobile BayBears batting - Pitching for San Antonio Missions : RHP Manny Bailon
|
|
Batting: RHB Carlos Ballesteros
|
0-0: Ball 1-0: Fly out, F7 (Flyball, 78M, EV 90.6 MPH)
|
|
Batting: LHB Koson Hirai
|
0-0: Ball 1-0: Swinging Strike 1-1: Fly out, F9 (Line Drive, 89M, EV 102.5 MPH)
|
|
Batting: LHB Soo-yeon Kym
|
0-0: Ball 1-0: SINGLE (Groundball, 34D, EV 109.4 MPH)
|
|
Batting: RHB Blake Beale
|
0-0: Foul Ball, location: 2F 0-1: SINGLE (Line Drive, 3D, EV 103.8 MPH) Soo-yeon Kym to second
|
|
Batting: RHB Chris Bittner
|
0-0: Called Strike 0-1: Swinging Strike 0-2: Ball 1-2: Foul Ball, location: 2F 1-2: Ball 2-2: Strikes out swinging
|
| Bottom of the 3rd over - 0 runs, 2 hits, 0 errors, 2 left on base; San Antonio 1 - Mobile 1 |
| TOP OF THE 4TH |
|
San Antonio Missions batting - Pitching for Mobile BayBears : LHP Sean Zech
|
|
Batting: LHB Matt Patnaude
|
0-0: Called Strike 0-1: Ball 1-1: Called Strike 1-2: Foul Ball, location: 2F 1-2: Ball 2-2: Strikes out looking
|
|
Batting: RHB Jaden Scott
|
0-0: Fly out, F9 (Flyball, 89S, EV 90.6 MPH)
|
|
Batting: RHB Joe Weissman
|
0-0: Ball 1-0: Ground out 3-1 (Groundball, 34, EV 82.5 MPH)
|
| Top of the 4th over - 0 runs, 0 hits, 0 errors, 0 left on base; San Antonio 1 - Mobile 1 |
| BOTTOM OF THE 4TH |
|
Mobile BayBears batting - Pitching for San Antonio Missions : RHP Manny Bailon
|
|
Batting: RHB Josh Burrows
|
0-0: Ball 1-0: Ball 2-0: Foul Ball, location: 2F 2-1: Swinging Strike 2-2: Strikes out swinging
|
|
Batting: RHB Jeremy Adams
|
0-0: Called Strike 0-1: Ground out 5-3 (Groundball, 56, EV 78.1 MPH)
|
|
Batting: RHB Franklin Villanueva
|
0-0: Foul Ball, location: 2F 0-1: Ball 1-1: Ball 2-1: SINGLE (Groundball, 4MD, EV 102.5 MPH)
|
|
Batting: RHB Yasuo Nakata
|
0-0: Ball 1-0: Ball Franklin Villanueva is caught stealing 2nd base 2-4
|
| Bottom of the 4th over - 0 runs, 1 hit, 0 errors, 0 left on base; San Antonio 1 - Mobile 1 |
| TOP OF THE 5TH |
|
San Antonio Missions batting - Pitching for Mobile BayBears : LHP Sean Zech
|
|
Batting: RHB Adrian Martinelli
|
0-0: Fly out, F9 (Flyball, 9D, EV 97.5 MPH)
|
|
Batting: LHB Teko van de Sande
|
0-0: Ground out U3 (Groundball, 3L, EV 86.9 MPH)
|
|
Batting: RHB David Aguilar
|
0-0: Foul Ball, location: 2F 0-1: Ball 1-1: Foul Ball, location: 2F 1-2: Foul Ball, location: 2F 1-2: Ground out 5-3 (Groundball, 56S, EV 83.8 MPH)
|
| Top of the 5th over - 0 runs, 0 hits, 0 errors, 0 left on base; San Antonio 1 - Mobile 1 |
| BOTTOM OF THE 5TH |
|
Mobile BayBears batting - Pitching for San Antonio Missions : RHP Manny Bailon
|
|
Batting: RHB Yasuo Nakata
|
0-0: SINGLE (Groundball, 56D, EV 108.8 MPH)
|
|
Batting: RHB Carlos Ballesteros
|
0-0: Ball 1-0: Ball 2-0: Called Strike 2-1: Called Strike Yasuo Nakata is caught stealing 2nd base 2-4 2-2: Ground out 5-3 (Groundball, 5, EV 78.8 MPH)
|
|
Batting: LHB Koson Hirai
|
0-0: Ball 1-0: Fly out, F7 (Line Drive, 7S, EV 102.5 MPH)
|
| Bottom of the 5th over - 0 runs, 1 hit, 0 errors, 0 left on base; San Antonio 1 - Mobile 1 |
| TOP OF THE 6TH |
|
San Antonio Missions batting - Pitching for Mobile BayBears : LHP Sean Zech
|
|
Batting: LHB Josh Slusarczyk
|
0-0: Swinging Strike 0-1: Ball 1-1: Swinging Strike 1-2: Ball 2-2: Foul Ball, location: 2F 2-2: Ground out 1-3 (Groundball, 13S, EV 63.8 MPH)
|
|
Batting: RHB Dave McBain
|
0-0: Called Strike 0-1: Fly out, F9 (Flyball, 9LM, EV 90.0 MPH)
|
|
Batting: RHB Freddie Brown
|
0-0: Ball 1-0: Ball 2-0: Swinging Strike 2-1: Foul Ball, location: 2F 2-2: Strikes out swinging
|
| Top of the 6th over - 0 runs, 0 hits, 0 errors, 0 left on base; San Antonio 1 - Mobile 1 |
| BOTTOM OF THE 6TH |
|
Mobile BayBears batting - Pitching for San Antonio Missions : RHP Manny Bailon
|
|
Batting: LHB Soo-yeon Kym
|
0-0: Ball 1-0: Ball 2-0: Ball 3-0: Called Strike 3-1: Foul Ball, location: 2F 3-2: Fly out, F8 (Flyball, 8RM, EV 90.6 MPH)
|
|
Batting: RHB Blake Beale
|
0-0: Swinging Strike 0-1: Swinging Strike 0-2: Ball 1-2: Ball 2-2: Foul Ball, location: 2F 2-2: Ground out 6-3 (Groundball, 6, EV 86.9 MPH)
|
|
Batting: RHB Chris Bittner
|
0-0: Ball 1-0: SOLO HOME RUN (Flyball, 9D, EV 96.2 MPH), Distance : 388 ft
|
|
Batting: RHB Josh Burrows
|
0-0: Called Strike 0-1: Foul Ball, location: 2F 0-2: Ball 1-2: Ball 2-2: Fly out, F8 (Flyball, 8LS, EV 90.0 MPH)
|
| Bottom of the 6th over - 1 run, 1 hit, 0 errors, 0 left on base; San Antonio 1 - Mobile 2 |
| TOP OF THE 7TH |
|
San Antonio Missions batting - Pitching for Mobile BayBears : LHP Sean Zech
|
|
Batting: LHB Matt Patnaude
|
0-0: Ball 1-0: Ball 2-0: Swinging Strike 2-1: Called Strike 2-2: Foul Ball, location: 2F 2-2: Ball 3-2: Strikes out looking
|
|
Batting: RHB Jaden Scott
|
0-0: Ball 1-0: Ground out 6-3 (Groundball, 6M, EV 101.9 MPH)
|
|
Batting: RHB Joe Weissman
|
0-0: Swinging Strike 0-1: Ball 1-1: Ball 2-1: Foul Ball, location: 2F 2-2: Foul Ball, location: 2F 2-2: Foul Ball, location: 2F 2-2: Strikes out looking
|
| Top of the 7th over - 0 runs, 0 hits, 0 errors, 0 left on base; San Antonio 1 - Mobile 2 |
| BOTTOM OF THE 7TH |
|
Mobile BayBears batting - Pitching for San Antonio Missions : RHP Manny Bailon
|
|
Batting: RHB Jeremy Adams
|
0-0: Ball 1-0: Ball 2-0: Ball 3-0: Called Strike 3-1: Base on Balls
|
|
Pitching: RHP Ethan Massey
|
|
|
Batting: RHB Franklin Villanueva
|
0-0: Grounds into double play, 6-4-3 (Groundball, 6S, EV 86.9 MPH)
|
|
Batting: RHB Yasuo Nakata
|
0-0: Ball 1-0: Foul Ball, location: 2F 1-1: Called Strike 1-2: Ground out 4-3 (Groundball, 4MD, EV 97.5 MPH)
|
| Bottom of the 7th over - 0 runs, 0 hits, 0 errors, 0 left on base; San Antonio 1 - Mobile 2 |
| TOP OF THE 8TH |
|
San Antonio Missions batting - Pitching for Mobile BayBears : LHP Sean Zech
|
|
Batting: RHB Adrian Martinelli
|
0-0: Ground out 1-3 (Groundball, P, EV 71.2 MPH)
|
|
Pinch Hitting: RHB John Freeman
|
0-0: Ball 1-0: Ground out 6-3 (Groundball, 6S, EV 83.1 MPH)
|
|
Batting: RHB David Aguilar
|
0-0: Ball 1-0: Swinging Strike 1-1: Foul Ball, location: 2F 1-2: Ground out 4-3 (Groundball, 4S, EV 72.5 MPH)
|
| Top of the 8th over - 0 runs, 0 hits, 0 errors, 0 left on base; San Antonio 1 - Mobile 2 |
| BOTTOM OF THE 8TH |
|
Mobile BayBears batting - Pitching for San Antonio Missions : RHP Ethan Massey
|
|
Now at 2B: Roberto Monzon
|
|
|
Batting: RHB Carlos Ballesteros
|
0-0: Called Strike 0-1: Called Strike 0-2: Ball 1-2: Strikes out looking
|
|
Batting: LHB Koson Hirai
|
0-0: Ball 1-0: Ball 2-0: Ball 3-0: Called Strike 3-1: Foul Ball, location: 2F 3-2: Strikes out swinging
|
|
Batting: LHB Soo-yeon Kym
|
0-0: Foul Ball, location: 2F 0-1: Fly out, F8 (Flyball, 8RXD, EV 98.1 MPH)
|
| Bottom of the 8th over - 0 runs, 0 hits, 0 errors, 0 left on base; San Antonio 1 - Mobile 2 |
| TOP OF THE 9TH |
|
San Antonio Missions batting - Pitching for Mobile BayBears : LHP Sean Zech
|
|
Pitching: RHP Rick Foster
|
|
|
Now at 1B: T.J. Duvall
|
|
|
Now in RF: Paul Schreiber
|
|
|
Batting: LHB Josh Slusarczyk
|
0-0: Called Strike 0-1: Swinging Strike 0-2: Ball 1-2: Strikes out swinging
|
|
Batting: RHB Dave McBain
|
0-0: Ball 1-0: Ball 2-0: SINGLE (Line Drive, 5D, EV 94.4 MPH)
|
|
Batting: RHB Freddie Brown
|
0-0: Ball 1-0: Grounds into double play, 5-4-3 (Groundball, 5S, EV 81.2 MPH)
|
| Top of the 9th over - 0 runs, 1 hit, 0 errors, 0 left on base; San Antonio 1 - Mobile 2 |
|